 Dungeon Crawl Stone Soup version 0.30-a0-364-gf6b3ef1049 (webtiles) character file.

Game seed: 8357613868269101500

7203 koil the Nimble (level 10, -10/153 HPs)
             Began as a Troll Berserker on Nov 15, 2022.
             Was an Elder of Trog.
             Mangled by a death yak (21 damage)
             ... on level 10 of the Dungeon.
             The game lasted 00:22:52 (8549 turns).

koil the Nimble (Troll Berserker)                   Turns: 8549, Time: 00:22:53

Health: -10/153    AC:  6    Str: 31    XL:     10   Next: 87%
Magic:  9/9        EV: 12    Int:  3    God:    Trog [****..]
Gold:   626        SH:  0    Dex:  9    Spells: 9/9 levels left

rFire   . . .      SeeInvis .      - Unarmed
rCold   + . .      Faith    .    (no shield)
rNeg    . . .      Spirit   .    t - +2 robe {rC+}
rPois   +          Reflect  .    (helmet restricted)
rElec   .          Harm     .    (no cloak)
rCorr   .          Rampage  .    (gloves unavailable)
Will    +....                    (boots unavailable)
Stlth   ..........               E - amulet of regeneration
HPRegen 2.05/turn                f - +4 ring of slaying
MPRegen 0.11/turn                h - ring "Ismas" {rPois Will+}

@: berserking (expiring), studying Dodging, very quick
A: large, unfitting armour, claws 3, regeneration 1, shaggy fur 1, tough skin 1
a: Renounce Religion, Berserk, Trog's Hand, Brothers in Arms


You were on level 10 of the Dungeon.
You worshipped Trog.
Trog was greatly pleased with you.
You visited 2 branches of the dungeon, and saw 11 of its levels.

You collected 626 gold pieces.

Inventory:

Hand Weapons
 r - the +8 dagger of Destiny {holy, MP+9 Str+5}
   (You found it on level 6 of the Dungeon)

   It has been blessed by the Shining One to cause great damage to the undead
   and demons.
   Str:       It affects your strength (+5).
   MP:        It affects your magic capacity (+9).
Missiles
 i - 2 throwing nets {!f}
 u - 15 poisoned darts (quivered)
 z - 3 silver boomerangs
Armour
 t - a +2 robe of cold resistance (worn)
Jewellery
 f - a +4 ring of slaying (left claw)
 h - the ring "Ismas" (right claw) {rPois Will+}
   (You found it on level 3 of the Dungeon)

   [ring of poison resistance]

   rPois:     It protects you from poison.
   Will:      It increases your willpower.
 n - a ring of fire
 A - a ring of protection from cold
 D - an amulet of magic regeneration
 E - an amulet of regeneration (around neck)
Wands
 j - a wand of paralysis (12)
 q - a wand of acid (3)
 s - a wand of flame (38)
 v - a wand of iceblast (11)
 C - a wand of polymorph (3)
Scrolls
 a - 5 scrolls of enchant weapon
 c - 3 scrolls of teleportation
 d - 2 scrolls of identify
 e - 4 scrolls of immolation
 g - a scroll of poison
 k - a scroll of fog
 l - a scroll of enchant armour {unknown}
 m - a scroll of silence {unknown}
 y - a scroll of amnesia {unknown}
Potions
 b - 4 potions of curing
 o - a potion of magic {unknown}
 p - a potion of haste
 w - 2 potions of flight
 x - 2 potions of might
Miscellaneous
 B - a piece from Xom's chessboard (15/15)


   Skills:
 + Level 7.5 Fighting
 + Level 6.9 Armour
 + Level 9.2 Dodging
 + Level 9.0 Unarmed Combat


You had 9 spell levels left.
You didn't know any spells.
Your spell library was empty.

Dungeon Overview and Level Annotations

Branches:
Dungeon (10/15)            Temple (1/1) D:4             Orc (0/2) D:9
   Lair: D:8-11

Altars:
Cheibriados
Dithmenos
Elyvilon
Fedhas
Gozag
Hepliaklqana
Kikubaaqudgha
Makhleb
Nemelex Xobeh
Okawaru
Qazlal
Ru
Sif Muna
Trog
Uskayaw
Vehumet
Xom
Yredelemnul

Annotations:
Temple 4 transporters


Innate Abilities, Weirdness & Mutations

You are too large for most types of armour.
You have claws for hands.
Your natural rate of healing is unusually fast.
You are covered in fur. (AC +1)
You have tough skin. (AC +1)


Message History

The death yak gores you!
You mangle the death yak!!
The death yak is almost dead.
The death yak closely misses you.
You mangle the death yak!!
You kill the death yak!
Trog accepts your kill.
Your life force feels restored.
The death yak gores you!!
You mangle the death yak!!
The death yak is moderately wounded.
You claw the death yak!
The death yak is heavily wounded.
The death yak gores you!
You claw the death yak!
The death yak is severely wounded.
You scratch the death yak.
The death yak is severely wounded.
The death yak gores you!!
* * * LOW HITPOINT WARNING * * *
The death yak gores you!!
* * * LOW HITPOINT WARNING * * *
You claw the death yak! x2
The death yak is almost dead.
The death yak barely misses you. The death yak gores you!
* * * LOW HITPOINT WARNING * * *
You barely miss the death yak.
The death yak is almost dead.
You eviscerate the death yak!!!
You kill the death yak!
Trog accepts your kill. The death yak closely misses you.
Your Dodging skill increases to level 9!
Your Unarmed Combat skill increases to level 9!
You mangle the death yak!!
The death yak is moderately wounded.
You barely miss the death yak. You claw the death yak!
The death yak is heavily wounded.
The death yak gores you!!
You die...

#. #.# ..## ..#
#####.######
#..........#
#..........#
#.†.<†.....#
#...†@>....#
#.....Y.........
#..........#....
#..............#
#######.##......
..# #..... .##
..... ## #....


You could see a death yak.

Vanquished Creatures
  A two-headed ogre (D:9)
  2 death yaks (D:10)
  A troll (D:10)
  Grinder (D:4)
  5 yaks (D:9)
  A wraith (D:9)
  A wyvern (D:9)
  A steam dragon (D:8)
  An acid dragon (D:9)
  A swamp drake (D:9)
  3 water moccasins
  An ice beast (D:7)
  A sky beast (D:7)
  4 black bears
  2 orc warriors
  2 ogres
  3 centaurs
  2 phantoms
  A kobold brigand (D:6)
  4 bullfrogs
  3 scorpions
  2 necrophages (D:7)
  2 gnoll sergeants
  3 wights (D:7)
  3 howler monkeys
  5 orc priests
  6 hounds
  An iron imp (D:7)
  2 iguanas
  10 orc wizards
  3 hell rats (D:10)
  21 gnolls
  3 river rats
  6 adders
  A white imp (D:7)
  A worm (D:5)
  3 dart slugs
  34 orcs
  8 ball pythons
  3 bats
  4 endoplasms
  4 giant cockroaches
  8 hobgoblins
  2 jackals (D:2)
  5 quokkas
  3 frilled lizards
  9 goblins
  12 kobolds
  5 rats
210 creatures vanquished.

Notes
Turn   | Place    | Note
-------+----------+-------------------------------------------
     0 | D:1      | koil the Troll Berserker began the quest for the Orb.
     0 | D:1      | Reached XP level 1. HP: 22/22 MP: 0/0
   182 | D:1      | Reached XP level 2. HP: 29/29 MP: 1/1
   220 | D:1      | Found a faded altar of an unknown god.
   873 | D:2      | Reached XP level 3. HP: 36/36 MP: 2/2
   878 | D:2      | HP: 6/36 [gnoll/+0 spear (4)]
   881 | D:2      | Reached skill level 1 in Armour
   884 | D:2      | HP: 6/36 [gnoll/+0 flail (2)]
  1034 | D:2      | Reached XP level 4. HP: 44/44 MP: 3/3
  1125 | D:2      | Reached ** piety under Trog
  1549 | D:3      | Found a radiant altar of Vehumet.
  1597 | D:3      | Found a bloodstained altar of Trog.
  1703 | D:3      | Identified the ring "Ismas" {rPois Will+}
  1795 | D:3      | Found a stormy altar of Qazlal.
  2110 | D:3      | Reached XP level 5. HP: 53/53 MP: 4/4
  2168 | D:4      | Noticed a phantom
  2176 | D:4      | Killed a phantom
  2231 | D:4      | HP: 7/53 [iguana (13)]
  2280 | D:4      | Reached XP level 6. HP: 61/61 MP: 5/5
  2283 | D:4      | Found a staircase to the Ecumenical Temple.
  2288 | D:4      | Identified the +5 ring mail of Ysehips {Str+2}
  2670 | D:4      | Reached XP level 7. HP: 68/68 MP: 6/6
  2919 | D:4      | Reached *** piety under Trog
  3162 | D:4      | Noticed Grinder
  3179 | D:4      | Killed Grinder
  3180 | D:4      | Reached skill level 5 in Unarmed Combat
  3265 | Temple   | Entered the Ecumenical Temple
  3265 | Temple   | Found a transporter.
  3265 | Temple   | Found a transporter.
  3270 | Temple   | Found a transporter.
  3270 | Temple   | Found a transporter.
  4139 | D:5      | Entered Level 5 of the Dungeon
  4209 | D:5      | Reached XP level 8. HP: 65/79 MP: 7/7
  5348 | D:6      | Reached skill level 5 in Fighting
  5348 | D:6      | Reached skill level 5 in Dodging
  5631 | D:6      | Identified the +8 dagger of Destiny {holy, MP+9 Str+5}
  5883 | D:7      | Reached XP level 9. HP: 88/88 MP: 8/8
  5948 | D:7      | Found a snail-covered altar of Cheibriados.
  6224 | D:7      | Reached **** piety under Trog
  6230 | D:7      | Reached skill level 5 in Armour
  6790 | D:8      | Found a burning altar of Makhleb.
  7298 | D:8      | Identified the +1 chain mail of Lies {rF+ Will+ Int+4}
  7507 | D:9      | Reached XP level 10. HP: 94/100 MP: 9/9
  7521 | D:9      | HP: 12/100 [wyvern (9)]
  7522 | D:9      | HP: 1/100 [wyvern (13)]
  7528 | D:9      | HP: 8/100 [wyvern (11)]
  7851 | D:9      | Noticed a two-headed ogre
  7933 | D:9      | Killed a two-headed ogre
  8029 | D:9      | Found a staircase to the Orcish Mines.
  8351 | D:10     | Entered Level 10 of the Dungeon
  8417 | D:10     | Noticed a death yak
  8533 | D:10     | Noticed a death yak
  8534 | D:10     | Noticed a death yak
  8539 | D:10     | Killed a death yak
  8544 | D:10     | HP: 22/153 [death yak (21)]
  8545 | D:10     | HP: 6/153 [death yak (17)]
  8547 | D:10     | Killed a death yak
  8549 | D:10     | Mangled by a death yak

Illustrated notes

Levels and vault maps discovered:
D:1:      psy_arrival_dodecagon, layout_basic,
          hellmonk_ecumenical_altar_pennies_from_heaven
D:2:      layout_basic, wad_orctagon
D:3:      layout_loops_ring, lemuel_round_altar, mainiacjoe_overflow_boulevard,
          mainiacjoe_overflow_catwalk
D:4:      minmay_bubble_buster, layout_cave_pods,
          minmay_temple_entry_antechambers, minmay_misc_feat_rows, uniq_grinder
D:5:      layout_layer_cave
D:6:      layout_basic, minmay_manual_mares
D:7:      layout_loops_ring, slow_altar_2
D:8:      layout_basic, mainiacjoe_overflow_small_starburst, corner_web_ring
D:9:      layout_cave_pools, erik_orc_1
D:10:     layout_roguey, nicolae_ashenzari_panopticon,
          nicolae_overflow_two_pavilions, lemuel_tele_altar, dpeg_lair_monsters,
          nicolae_shop_sticking_my_neck_out, uniq_erica
Temple:   hellmonk_temple_divided_pantheon

Skill      XL: |  1  2  3  4  5  6  7  8  9 10 |
---------------+-------------------------------+-----
Armour         | 1 2 3 4 5 6 |  6.9
Dodging        | 3 4 5 7 9 |  9.2
Fighting       | 3 4 5 6 7 |  7.5
Unarmed Combat | 4 5 6 7 9 |  9.0

Action                   |  1- 3 |  4- 6 |  7- 9 | 10-12 || total
-------------------------+-------+-------+-------+-------++-------
Melee: Unarmed           |    49 |   124 |   244 |   109 ||   526
       Punch             |       |     1 |    15 |     7 ||    23
Invok: Berserk           |       |     1 |     5 |     3 ||     9
  Use: Scroll            |       |       |    12 |       ||    12
       Potion            |       |       |     5 |     4 ||     9
 Stab: Sleeping          |     1 |     1 |       |       ||     2
Armor: Animal skin       |    10 |    11 |       |       ||    21
       Robe              |       |    23 |    63 |    14 ||   100
Dodge: Dodged            |    17 |    62 |   151 |    62 ||   292

Table legend: (Time is in decaauts)
 A = Elapsed time spent in this place.
 B = Non-inter-level travel time spent in this place.
 C = Inter-level travel time spent in this place.
 D = Time resting spent in this place.
 E = Time spent auto-exploring this place.
 F = Levels seen in this place.
 G = Mean time per level.
                   A        B        C        D        E       F      G
               +--------+--------+--------+--------+--------+-----+--------+
         Total |   8545 |   8238 |    307 |   1410 |   5463 |  11 |  776.8 |
       Dungeon |   7738 |   7431 |    307 |    634 |   5463 |  10 |  773.8 |
        Temple |    807 |    807 |      0 |    775 |      0 |   1 |  807.0 |
               +--------+--------+--------+--------+--------+-----+--------+

Top non-repeatable levels by time:
     D:5: 1206 daAuts
     D:4: 1159 daAuts
     D:8: 947 daAuts
     D:9: 893 daAuts
     D:1: 853 daAuts
  Temple: 807 daAuts
     D:7: 738 daAuts
     D:2: 668 daAuts
     D:3: 637 daAuts
     D:6: 551 daAuts
    D:10: 81 daAuts
